 Dungeon Crawl Stone Soup version 0.17-a0-2070-g2a5e0a8 (webtiles) character file.

347 Maka the Basher (level 6, -2/62 HPs)
             Began as an Ogre Berserker on Oct 14, 2015.
             Was a Believer of Trog.
             Slain by Natasha (10 damage)
             ... on level 3 of the Dungeon.
             The game lasted 00:04:36 (3060 turns).

Maka the Basher (Ogre Berserker)                    Turns: 3060, Time: 00:04:36

Health: -2/62      AC:  3    Str: 23    XL:     6   Next: 59%
Magic:  6/6        EV: 10    Int:  6    God:    Trog [**....]
Gold:   104        SH:  0    Dex: 11    Spells: 0 memorised, 5 levels left

rFire  . . .     SeeInvis .     a - +1 flail
rCold  . . .     Clarity  .     b - +0 animal skin
rNeg   . . .     SustAt   .     (no shield)
rPois  .         Gourm    .     (helmet restricted)
rElec  .         Spirit   .     (no cloak)
rCorr  .         Warding  .     (gloves unavailable)
rMut   .         Stasis   .     (boots unavailable)
MR     ++...                    (no amulet)
Stlth  +.........               (no ring)
                                (no ring)

@: regenerating, slowed, very slow, very resistant to hostile enchantments, very
unstealthy
A: unfitting armour, tough skin 1
a: Burn Spellbooks, Berserk, Trog's Hand, Renounce Religion


You were on level 3 of the Dungeon.
You worshipped Trog.
Trog was pleased with you.
You were not hungry.

You visited 1 branch of the dungeon, and saw 3 of its levels.

You collected 104 gold pieces.

Inventory:

Hand Weapons
 a - a +1 flail (weapon)
Armour
 b - a +0 animal skin (worn)
Wands
 k - a wand of random effects (48)
Scrolls
 h - a scroll of teleportation
 n - a scroll of fog
Potions
 g - 3 potions of heal wounds
 i - a potion of agility
 m - 3 potions of curing
Comestibles
 c - a bread ration


   Skills:
 - Level 4.0 Fighting
 - Level 9.4 Maces & Flails
 + Level 2.8 Dodging


You had 5 spell levels left.
You didn't know any spells.

Dungeon Overview and Level Annotations

Branches:
Dungeon (3/15)

Altars:
Elyvilon
Nemelex Xobeh
Okawaru

Annotations:
D:3 Natasha


Innate Abilities, Weirdness & Mutations

You are too large for most types of armour.
You have tough skin (AC +1).


Message History

You feel as though you will be slow longer.
You barely miss Natasha.
Natasha is heavily wounded.
Natasha barely misses you.
You closely miss Natasha.
Natasha is heavily wounded.
Natasha stares at you and mumbles some strange words.
The magic dart hits you!
You closely miss Natasha.
Natasha is heavily wounded.
Natasha casts a spell at you. The magic dart hits you!
* * * LOW HITPOINT WARNING * * *
Natasha claws you!
* * * LOW HITPOINT WARNING * * *
Use which ability?
Your skin crawls.
You feel resistant to hostile enchantments.
You feel slightly more hungry. Natasha claws you!
You die...

### ..# #.# ########## #.#
#...ยง.@h.# #.# #.######.#
#.# #.# ##.## #.# #.#
#...#####
..#########.#####...5..5h$
.##.................######
#.# .#..........#######.#
#.# ....######### #.# #.#
.......# ##.########.# ##


You could see Natasha.

Vanquished Creatures
  Sigmund (D:2)
  A centaur (D:2)
  Jessica (D:2)
  An orc priest (D:2)
  An adder (D:3)
  An ooze (D:1)
  A worm (D:2)
  4 orcs
  2 ball pythons
  4 giant cockroaches
  8 goblins
  3 hobgoblins
  5 kobolds
  A quokka (D:2)
  6 bats
  3 giant geckos
  4 giant newts
  3 rats
50 creatures vanquished.

Notes
Turn   | Place    | Note
--------------------------------------------------------------
     0 | D:1      | Maka the Ogre Berserker began the quest for the Orb.
     0 | D:1      | Reached XP level 1. HP: 24/24 MP: 1/1
   112 | D:1      | HP: 1/24 [hobgoblin (3)]
   113 | D:1      | Reached XP level 2. HP: 1/32 MP: 2/2
   526 | D:1      | Reached skill level 5 in Maces & Flails
  1032 | D:1      | Reached XP level 3. HP: 37/39 MP: 3/3
  1102 | D:2      | Reached ** piety under Trog
  1146 | D:2      | Noticed Jessica
  1154 | D:2      | Killed Jessica
  1154 | D:2      | Reached skill level 6 in Maces & Flails
  1261 | D:2      | Found a faded altar to an unknown god.
  1307 | D:2      | Reached XP level 4. HP: 46/48 MP: 4/4
  1462 | D:2      | Noticed Sigmund
  1476 | D:2      | Killed Sigmund
  1476 | D:2      | Reached skill level 8 in Maces & Flails
  1476 | D:2      | Reached XP level 5. HP: 48/54 MP: 5/5
  1707 | D:2      | Reached XP level 6. HP: 59/62 MP: 6/6
  2597 | D:2      | Reached skill level 9 in Maces & Flails
  2928 | D:3      | Found a white marble altar of Elyvilon.
  2928 | D:3      | Found a sparkling altar of Nemelex Xobeh.
  2928 | D:3      | Found an iron altar of Okawaru.
  3041 | D:3      | Noticed Natasha
  3060 | D:3      | Slain by Natasha

Vault maps used:
D:1:      mrwooster_arrival_statue_2
D:2:      wad_lake_hut, first_bread, ecumenical_altar_2,
          minmay_misc_feat_four_crosses, uniq_sigmund, uniq_jessica
D:3:      gammafunk_temple_overflow_claw, uniq_crazy_yiuf_cottage, uniq_natasha

Action                   |  1- 3 |  4- 6 || total
-------------------------+-------+-------++-------
Melee: Mace              |    87 |    61 ||   148
       Flail             |       |    20 ||    20
Invok: Berserk           |       |     1 ||     1
       Trog's Hand       |       |     1 ||     1
  Use: Scroll            |       |    12 ||    12
 Stab: Sleeping          |       |     1 ||     1
  Eat: Chunk             |     1 |       ||     1
       Bread ration      |       |     2 ||     2
